 Dungeon Crawl Stone Soup version 0.28.0 (webtiles) character file.

Game seed: 11679496565992861566

2025 ReploidZero the Geomancer (level 9, -3/68 HPs)
             Began as a Deep Dwarf Earth Elementalist on Feb 8, 2022.
             Was a Follower of Elyvilon.
             Slain by Duvessa (12 damage)
             ... on level 5 of the Dungeon on Feb 9, 2022.
             The game lasted 00:30:21 (5798 turns).

ReploidZero the Geomancer (DDEE)                    Turns: 5798, Time: 00:30:22

Health: -3/68      AC: 20    Str: 12    XL:     9   Next: 3%
Magic:  6/17       EV:  9    Int: 20    God:    Elyvilon [*.....]
Gold:   224        SH:  0    Dex: 13    Spells: 14/20 levels left

rFire   . . .      SeeInvis +   e - +3 whip (elec)
rCold   . . .      Faith    .   (no shield)
rNeg    . . .      Spirit   .   i - +10 scale mail of the Ditch-Digger {Slay+5}
rPois   .          Reflect  .   k - +1 helmet
rElec   .          Harm     .   g - +1 cloak
rCorr   .          Rampage  .   (no gloves)
Will    +....                   (no boots)
Stlth   +.........              (no amulet)
HPRegen 0.00/turn               n - ring of see invisible
MPRegen 0.15/turn               (no ring)

@: very slightly contaminated, invisible
A: damage resistance, heal wounds, sense surroundings 2, no regeneration
a: Heal Wounds, Renounce Religion, Purification


You were on level 5 of the Dungeon.
You worshipped Elyvilon.
Elyvilon was aware of your devotion.
You visited 2 branches of the dungeon, and saw 6 of its levels.
You also visited: Sewer.

You collected 224 gold pieces.

Inventory:

Hand Weapons
 e - a +3 whip of electrocution (weapon)
Missiles
 c - 58 stones
Armour
 b - a +0 robe
 g - a +1 cloak (worn)
 i - the +10 scale mail of the Ditch-Digger (worn) {Slay+5}
   (You found it on level 3 of the Dungeon)

   Slay:      It affects your accuracy & damage with ranged weapons and melee
   (+5).
 k - a +1 helmet (worn)
Jewellery
 n - a ring of see invisible (left hand)
Wands
 j - a wand of flame (32)
Scrolls
 d - a scroll of fear {unknown}
 h - 4 scrolls of teleportation
 l - 2 scrolls of immolation
Potions
 a - a potion of mutation {unknown}
 f - 6 potions of brilliance
 m - a potion of flight
 p - a potion of cancellation


   Skills:
 - Level 3.5 Dodging
 - Level 2.4 Stealth
 + Level 6.0 Spellcasting
 + Level 5.0 Conjurations
 - Level 2.0 Transmutations
 + Level 9.9 Earth Magic


You had 14 spell levels left.
You knew the following spells:

 Your Spells              Type           Power      Damage    Failure   Level
a - Sandblast             Erth           90%        2d19      1%          1
b - Passwall              Tmut/Erth      24%        N/A       8%          2
c - Stone Arrow           Conj/Erth      72%        3d11      8%          3

Your spell library contained the following spells:

 Spells                   Type           Power      Damage    Failure   Level
 Petrify                  Tmut/Erth      29%        N/A       45%         4


Dungeon Overview and Level Annotations

Branches:
Dungeon (5/15)             Temple (1/1) D:4           Sewer (visited)

Altars:
Ashenzari
Dithmenos
Elyvilon
Fedhas
Gozag
Hepliaklqana
Kikubaaqudgha
Makhleb
Nemelex Xobeh
Okawaru
Qazlal
Ru
Sif Muna
Trog
Uskayaw
Vehumet
Wu Jian
Xom
Yredelemnul
Zin
The Shining One

Annotations:
D:5 Duvessa


Innate Abilities, Weirdness & Mutations

You are resistant to damage.
You can heal yourself by infusing magical energy.
You passively map the area around you.
You do not regenerate.


Message History

* * * LOW HITPOINT WARNING * * *
Unknown command.
Okay, then.
You fade into invisibility!
Duvessa hits you but does no damage.
Hit: e) +3 whip (elec)
Press: ? - help, Dir - move target, f/p - Duvessa
Aim: Duvessa, wielding a +1 short sword of electrocution and wearing a +0 chain mail (moderately wounded, berserk, about 24% to evade your +3 whip of electrocution)
Okay, then.
Unknown command.
Unknown command.
You hit Duvessa.
Duvessa is moderately wounded.
Duvessa hits you but does no damage.
Duvessa hits you with a +1 short sword of electrocution.
You hit Duvessa but do no damage.
Duvessa is moderately wounded.
Duvessa barely misses you. Duvessa closely misses you.
You hit Duvessa but do no damage.
Duvessa is moderately wounded.
Duvessa closely misses you.
Casting: Stone Arrow (dangerous; 8% risk of failure)
Confirm with . or Enter, or press ? or * to list all spells.
Aiming: Stone Arrow (dangerous; 8% risk of failure)
Press: ? - help, Shift-Dir - straight line, f/p - Duvessa
Aim: Duvessa, wielding a +1 short sword of electrocution and wearing a +0 chain mail (moderately wounded, berserk, 84% to hit)
The stone arrow hits Duvessa!
Duvessa is heavily wounded.
Duvessa barely misses you. Duvessa closely misses you.
Casting: Stone Arrow (dangerous; 8% risk of failure)
Confirm with . or Enter, or press ? or * to list all spells.
Aiming: Stone Arrow (dangerous; 8% risk of failure)
Press: ? - help, Shift-Dir - straight line, f/p - Duvessa
Aim: Duvessa, wielding a +1 short sword of electrocution and wearing a +0 chain mail (heavily wounded, berserk, 84% to hit)
The stone arrow hits Duvessa!
Duvessa is severely wounded.
Duvessa hits you with a +1 short sword of electrocution!
* * * LOW HITPOINT WARNING * * *
You are electrocuted!
You die...

# ###............## ##
#.............### .##
#...............## ..#
##................# ..##
#.................. * ...##
#..>............... #...##
##.................. ##...##
#.....<..e..........
#....###.......@...........*
##.........................
##...#####...............#
#...## ##..............#
##....## #..............#
#......## ##.............#
###.##....## #.............#
##..##.....####.###.......##
#..###......# #?.##########


You could see Duvessa (berserk).

Vanquished Creatures
  Grinder (Sewer)
  Eustachio (D:4)
  Edmund (D:4)
  An acid dragon (D:5)
  A water moccasin (D:5)
  An ice beast (D:5)
  A sky beast (D:5)
  An ogre (D:5)
  A centaur (D:5)
  Blork the orc (D:4)
  A kobold brigand (Sewer)
  Dowan (D:5)
  A water moccasin skeleton (D:5)
  A bullfrog zombie (D:5)
  2 quasits (Sewer)
  2 jellies (D:4)
  3 orc priests (D:5)
  A hound (D:5)
  Jessica (D:3)
  Ijyb (D:5)
  2 iguanas
  5 orc wizards
  A hound skeleton (D:4)
  4 gnolls
  3 adders
  A river rat (D:5)
  2 shadow imps (Sewer)
  6 ufetubi (Sewer)
  An adder skeleton (D:4)
  5 worms
  A dart slug (D:1)
  14 orcs
  7 endoplasms
  4 giant cockroaches
  7 goblins
  5 hobgoblins
  2 quokkas
  13 ball pythons
  6 bats
  6 frilled lizards
  37 kobolds
  A kobold zombie (Sewer)
  9 rats
166 creatures vanquished.

Vanquished Creatures (others)
  An endoplasm (Sewer)
  9 plants
10 creatures vanquished.

Grand Total: 176 creatures vanquished

Notes
Turn   | Place    | Note
-------+----------+-------------------------------------------
     0 | D:1      | ReploidZero the Deep Dwarf Earth Elementalist began the
                  | quest for the Orb.
     0 | D:1      | Reached XP level 1. HP: 15/15 MP: 3/3
    72 | D:1      | Reached skill level 1 in Transmutations
   210 | D:1      | Reached XP level 2. HP: 20/22 MP: 5/5
   222 | D:1      | Learned a level 2 spell: Passwall
   801 | D:1      | Reached XP level 3. HP: 5/28 MP: 4/6
   805 | D:1      | Learned a level 3 spell: Stone Arrow
  1041 | D:2      | Reached skill level 5 in Earth Magic
  1089 | D:2      | Reached XP level 4. HP: 18/36 MP: 4/7
  1139 | D:2      | Found a faded altar of an unknown god.
  1350 | D:2      | Found a bloodstained altar of Trog.
  1916 | D:3      | Reached skill level 1 in Conjurations
  1989 | D:3      | Found a broken altar of Ashenzari.
  1999 | D:3      | Reached XP level 5. HP: 9/42 MP: 2/9
  2006 | D:3      | Found a shadowy altar of Dithmenos.
  2117 | D:3      | Noticed Jessica
  2122 | D:3      | Killed Jessica
  2365 | D:3      | Identified the +10 scale mail of the Ditch-Digger {Slay+5}
  2517 | D:3      | Noticed a moth of wrath
  2519 | D:3      | Found a bloodstained altar of Trog.
  2858 | D:4      | Found a staircase to the Ecumenical Temple.
  3123 | D:4      | Noticed Blork the orc
  3129 | D:4      | Killed Blork the orc
  3130 | D:4      | Reached skill level 6 in Earth Magic
  3130 | D:4      | Reached XP level 6. HP: 16/49 MP: 5/11
  3272 | D:4      | Noticed Eustachio
  3297 | D:4      | Killed Eustachio
  3368 | D:4      | Found a burning altar of Makhleb.
  3494 | D:4      | Found a shimmering altar of Xom.
  3610 | D:4      | Reached XP level 7. HP: 11/55 MP: 7/12
  3662 | Temple   | Entered the Ecumenical Temple
  3821 | Temple   | Became a worshipper of Elyvilon the Healer
  3984 | D:5      | Entered Level 5 of the Dungeon
  3984 | D:5      | Noticed Duvessa
  3984 | D:5      | Noticed Dowan
  3984 | D:5      | Noticed Ijyb
  4107 | D:5      | Reached skill level 7 in Earth Magic
  4194 | D:5      | Found a glowing drain.
  4199 | D:5      | Killed Ijyb
  4216 | Sewer    | Entered a sewer
  4379 | Sewer    | Noticed Grinder
  4386 | Sewer    | Reached XP level 8. HP: 18/62 MP: 5/14
  4395 | Sewer    | Paralysed by Grinder for 5 turns
  4400 | Sewer    | Killed Grinder
  4401 | Sewer    | Reached skill level 8 in Earth Magic
  4431 | Sewer    | Found a burning altar of Makhleb.
  4450 | Sewer    | Reached skill level 5 in Spellcasting
  4759 | D:5      | Noticed Edmund
  4845 | D:4      | Killed Edmund
  4960 | D:5      | Killed Dowan
  4963 | D:5      | Reached skill level 5 in Conjurations
  5150 | D:5      | Reached skill level 9 in Earth Magic
  5198 | D:5      | Reached * piety under Elyvilon
  5382 | D:5      | Gained mutation: You passively map the area around you.
                  | [Deep Dwarf growth]
  5382 | D:5      | Reached XP level 9. HP: 31/68 MP: 10/17
  5798 | D:5      | Slain by Duvessa

Illustrated notes

Levels and vault maps discovered:
D:1:      heliophobic_arrival_glass_houses, layout_basic,
          lexackson_kobold_supper
D:2:      minmay_evil_eye, layout_rooms, basic_altar, basic_ecumenical_altar,
          minmay_tromino_v2
D:3:      layout_loops_ring, grunt_temple_overflow_open, tgw_trog, st_stairs_12,
          nicolae_concentric_dashed_squares_wild, uniq_jessica
D:4:      cheibrodos_old_hovel, layout_basic,
          mainiacjoe_overflow_small_starburst, kennysheep_little_box,
          minmay_temple_entry_mini_moons, kennysheep_small_square,
          uniq_eustachio, uniq_blork_the_orc
D:5:      layout_cave_pods, portal_sewer_entry_a, hangedman_decor_peaks_small,
          uniq_edmund, uniq_duvessa, uniq_ijyb
Temple:   nicolae_temple_elliptical

Skill      XL: |  1  2  3  4  5  6  7  8 |
---------------+-------------------------+-----
Transmutations | 1 2 |  2.0
Spellcasting   | 2 3 4 6 |  6.0
Earth Magic    | 5 6 7 9 |  9.9
Conjurations   | 1 2 3 5 |  5.0
Dodging        | 3 |  3.5
Stealth        | |  2.4

Action                   |  1- 3 |  4- 6 |  7- 9 || total
-------------------------+-------+-------+-------++-------
Melee: Dagger            |    72 |   161 |       ||   233
       Punch             |       |     3 |     2 ||     5
       Whip              |       |       |   133 ||   133
 Cast: Sandblast         |    33 |    56 |    26 ||   115
       Stone Arrow       |       |     2 |    18 ||    20
 Abil: Heal Wounds       |       |     1 |     6 ||     7
Evoke: Wand              |       |       |     3 ||     3
  Use: Scroll            |     5 |     7 |     3 ||    15
       Potion            |     1 |     1 |     7 ||     9
 Stab: Sleeping          |     2 |     2 |       ||     4
Armor: Robe              |    22 |    25 |       ||    47
       Scale mail        |       |    60 |   122 ||   182
Dodge: Dodged            |    67 |    76 |    92 ||   235
